 Dungeon Crawl Stone Soup version 0.29.1-2-gbd0b4ee654 (webtiles) character file.

Game seed: 17352068496065846583

128 GorkyZ the Covered (level 5, -18/33 HPs)
             Began as a Gargoyle Fighter on Nov 25, 2022.
             Demolished by an ogre
             ... wielding a +0 giant club
              (21 damage)
             ... on level 4 of the Dungeon.
             The game lasted 00:05:51 (2515 turns).

GorkyZ the Covered (Gargoyle Fighter)               Turns: 2515, Time: 00:05:51

Health: -18/33     AC: 13    Str: 21    XL:     5   Next: 11%
Magic:  5/5        EV:  7    Int:  9    God:
Gold:   175        SH:  4    Dex:  9    Spells: 4/4 levels left

rFire   . . .      SeeInvis .   a - +0 war axe
rCold   . . .      Faith    .   c - +0 buckler
rNeg    + + +      Spirit   .   x - +0 chain mail
rPois   ∞          Reflect  .   (no helmet)
rElec   +          Harm     .   (no cloak)
rCorr   .          Rampage  .   (no gloves)
Will    .....                   (no boots)
Stlth   ..........              (no amulet)
HPRegen 0.11/turn               j - ring of positive energy
MPRegen 0.09/turn               k - ring of positive energy

@: mighty, weak-willed
A: sickness immunity, AC +4, negative energy resistance 1, electricity
resistance, torment resistance 1, petrification resistance
a: no special abilities


You were on level 4 of the Dungeon.
You visited 1 branch of the dungeon, and saw 4 of its levels.

You collected 175 gold pieces.

Inventory:

Hand Weapons
 a - a +0 war axe (weapon)
 g - a +0 hand axe
 s - a +0 war axe
 w - a +0 short sword
Missiles
 t - 2 javelins (quivered)
Armour
 b - a +0 scale mail
 c - a +0 buckler (worn)
 m - the +1 robe "Amotyn" {Regen+}
   (You found it on level 2 of the Dungeon)

   Regen:     It increases your rate of health regeneration.
 x - a +0 chain mail (worn)
Jewellery
 f - an amulet of faith
 j - a ring of positive energy (left hand)
 k - a ring of positive energy (right hand)
Scrolls
 o - a scroll of noise
 r - 2 scrolls of identify {unknown}
Potions
 e - 2 potions of curing {unknown}
 h - 2 potions of degeneration {unknown}
 i - a potion of flight {unknown}
 u - a potion of lignification {unknown}
 v - a potion of resistance {unknown}


   Skills:
 + Level 3.7 Fighting
 + Level 2.4 Axes
 + Level 1.1 Throwing
 + Level 3.9 Armour
 + Level 1.0 Dodging
 + Level 3.9 Shields
 + Level 1.2 Evocations


You had 4 spell levels left.
You didn't know any spells.
Your spell library contained the following spells:

 Spells                   Type           Power      Damage    Failure   Level
 Foxfire                  Conj/Fire      0%         2x1d4     99%         1
 Scorch                   Fire           0%         2d5       100%        2
 Ice Form                 Ice/Tmut       0%         N/A       100%        4
 Blade Hands              Tmut           0%         N/A       100%        5
 Fireball                 Conj/Fire      0%         3d3       100%        5
 Irradiate                Conj/Tmut      0%         3d11      100%        5
 Dragon Form              Tmut           0%         N/A       100%        7


Dungeon Overview and Level Annotations

Branches:
Dungeon (4/15)
 Temple: D:4-7

Altars:


Innate Abilities, Weirdness & Mutations

You are immune to sickness and miasma.
Your stone body is resilient. (AC +4)
You are immune to poison.
You resist negative energy. (rN+)
You are resistant to electric shocks. (rElec)
You are resistant to unholy torment.
You are immune to petrification.


Message History

The air fills with toxic fumes!
As you read the scroll labelled CYESTR BILE, it crumbles to dust.
It was a scroll of poison.
Your surroundings suddenly seem different.
An orc comes into view. It is wielding a +0 short sword.
Found a glowing bronze wand and 17 gold pieces.
An orc wizard comes into view. It is wielding a +0 dagger.
An orc comes into view. It is wielding a +0 war axe.
You hit the orc.
The orc is almost dead.
The orc hits you with a +0 short sword.
An orc comes into view. It is wielding a +0 flail.
You slash the orc!
You kill the orc!
An ogre comes into view. It is wielding a +0 giant club.
You closely miss the orc. The orc hits you but does no damage.
An orc comes into view. It is wielding a +0 whip.
You closely miss the orc wizard. The orc wizard closely misses you.
You closely miss the orc wizard.
The orc wizard hits you with a +0 dagger.
You closely miss the orc wizard. You hit the ogre but do no damage.
The orc wizard hits you but does no damage.
You block the ogre's attack.
The orc wizard hits you with a +0 dagger.
You barely miss the orc wizard. You hit the ogre.
The ogre hits you with a +0 giant club!
The orc wizard points at you and mumbles some strange words.
The magic dart hits you.
* * * LOW HITPOINT WARNING * * *
You slash the orc wizard!
The orc wizard is heavily wounded.
You hit the ogre. The ogre hits you with a +0 giant club.
* * * LOW HITPOINT WARNING * * *
The orc wizard hits you with a +0 dagger.
* * * LOW HITPOINT WARNING * * *
You block the orc wizard's attack.
You feel very mighty all of a sudden.
The ogre hits you with a +0 giant club!!
Ouch! That really hurt!
You die... $..... .... .... ... oo#

#o# #o#
#@#
#.O./..#
...###.#
###.# ..
#.# ..
..#


You could see an ogre, an orc wizard and 3 orcs.

Vanquished Creatures
  Jessica (D:3)
  2 adders
  3 worms
  A dart slug (D:3)
  4 orcs
  6 endoplasms
  4 giant cockroaches
  5 goblins
  8 hobgoblins
  4 jackals (D:3)
  A quokka (D:3)
  8 ball pythons
  5 bats
  8 kobolds
  5 rats
65 creatures vanquished.

Vanquished Creatures (others)
  7 fungi (D:3)
  5 plants (D:3)
12 creatures vanquished.

Grand Total: 77 creatures vanquished

Notes
Turn   | Place    | Note
-------+----------+-------------------------------------------
     0 | D:1      | GorkyZ the Gargoyle Fighter began the quest for the Orb.
     0 | D:1      | Reached XP level 1. HP: 14/14 MP: 1/1
    12 | D:1      | Got the Vellum of Conflagrant Glaciation
   132 | D:1      | Reached XP level 2. HP: 19/19 MP: 2/2
   377 | D:1      | Reached XP level 3. HP: 15/23 MP: 3/3
   928 | D:2      | Identified the +1 robe "Amotyn" {Regen+}
  1481 | D:2      | Reached XP level 4. HP: 28/28 MP: 4/4
  1687 | D:3      | Noticed Jessica
  1695 | D:3      | Killed Jessica
  1696 | D:3      | Reached skill level 1 in Throwing
  1696 | D:3      | Reached skill level 1 in Dodging
  1700 | D:3      | Reached skill level 1 in Evocations
  2178 | D:3      | Found a faded altar of an unknown god.
  2186 | D:3      | Reached XP level 5. HP: 33/33 MP: 5/5
  2508 | D:4      | Noticed an ogre
  2515 | D:4      | Demolished by an ogre

Illustrated notes

Levels and vault maps discovered:
D:1:      minmay_arrival_checkered_box, layout_rooms
D:2:      layout_loops_ring, patterned_corridor
D:3:      layout_rooms, shapermc_ecumenical_altar_mp_urbaneastern, uniq_jessica
D:4:      layout_rooms, portal_sewer_entry_e

Skill      XL: |  1  2  3  4 |
---------------+-------------+-----
Axes           | 2 |  2.4
Throwing       | 1 |  1.1
Dodging        | 1 |  1.0
Evocations     | 1 |  1.2
Fighting       | |  3.7
Armour         | |  3.9
Shields        | |  3.9

Action                   |  1- 3 |  4- 6 || total
-------------------------+-------+-------++-------
Melee: War axe           |   110 |    73 ||   183
  Use: Scroll            |       |     5 ||     5
       Potion            |       |     1 ||     1
Armor: Scale mail        |    52 |    50 ||   102
       Chain mail        |       |     2 ||     2
Dodge: Dodged            |    62 |    35 ||    97
Block: Buckler           |    32 |    21 ||    53
